 Dungeon Crawl Stone Soup version 0.31-a0-237-g2d982f9f85 (webtiles) character file.

Game seed: 8045707578200372670

337 qw the Shooter (level 6, -3/53 HPs)
             Began as a Minotaur Hexslinger on July 10, 2023.
             Succumbed to a scorpion's poison
             ... on level 4 of the Dungeon.
             The game lasted 00:00:56 (2484 turns).

qw the Shooter (Minotaur Hexslinger)                Turns: 2484, Time: 00:00:57

Health: -3/53      AC:  4    Str: 13    XL:     6   Next: 28%
Magic:  6/6        EV: 12    Int: 10    God:
Gold:   181        SH:  0    Dex: 14    Spells: 6/7 levels left

rFire   . . .        Y - +1 arbalest
rCold   . . .        (shield currently unavailable)
rNeg    . . .        c - +0 robe
rPois   .            (helmet restricted)
rElec   .            (no cloak)
rCorr   .            (no gloves)
SInv    .            h - +1 pair of boots
Will    .....        (no amulet)
Stlth   +            (no ring)
HPRegen 0.28/turn    (no ring)
MPRegen 0.10/turn

%: no passive effects
@: lethally poisoned (-3 -> -25)
A: horns 2, retaliatory headbutt
a: no special abilities


You were on level 4 of the Dungeon.
You visited 1 branch of the dungeon, and saw 4 of its levels.

You collected 181 gold pieces.


Innate Abilities, Weirdness & Mutations

You have a pair of horns on your head.
You reflexively headbutt those who attack you in melee.


   Skills:
 - Level 4.7 Fighting
 + Level 6.0 Ranged Weapons
 - Level 2.1 Dodging
 - Level 1.0 Spellcasting
 - Level 2.0 Hexes


You had 6 spell levels left.
You knew the following spells:

 Your Spells              Type           Power      Damage    Failure   Level
a - Slow                  Hex            16%        N/A       16%         1

Your spell library contained the following spells:

 Spells                   Type           Power      Damage    Failure   Level
 Inner Flame              Hex/Fire       2%         N/A       56%         3
 Portal Projectile        Hex/Tloc       4%         N/A       56%         3
 Cause Fear               Hex            2%         N/A       83%         4

Inventory:

Hand Weapons
 Y - a +1 arbalest (weapon)
Armour
 c - a +0 robe (worn)
 h - a +1 pair of boots (worn)
 l - a +0 leather armour
Scrolls
 e - a scroll of torment {unknown}
Potions
 a - a potion of ambrosia {unknown}
 b - a potion of heal wounds {unknown}
 d - 2 potions of curing
 f - a potion of mutation {unknown}
 g - a potion of enlightenment {unknown}
 i - a potion of haste {unknown}
 j - 2 potions of might {unknown}
 k - a potion of brilliance {unknown}

Dungeon Overview and Level Annotations

Branches:
Dungeon (4/15)
 Temple: D:4-7

Altars:


Message History

You are more poisoned.
You shoot a bolt. The bolt closely misses the kobold.
You feel very sick.
A scorpion comes into view.
The kobold throws a poisoned dart.
The poisoned dart hits you.
You are more poisoned.
You shoot a bolt. The bolt closely misses the kobold.
You feel very sick.
You shoot a bolt. The bolt hits the kobold!
You kill the kobold!
You feel very sick.
You shoot a bolt.
The bolt hits the scorpion but does no damage.
You feel very sick.
You shoot a bolt. The bolt barely misses the scorpion.
You feel sick. The scorpion stings you. x2
You shoot a bolt. The bolt barely misses the scorpion.
You feel sick. The scorpion barely misses you. You furiously retaliate!
You headbutt the scorpion! The scorpion stings you.
You are more poisoned.
The scorpion poisons you!
You shoot a bolt. The bolt barely misses the scorpion.
You feel very sick. The scorpion stings you. x2
You shoot a bolt. The bolt barely misses the scorpion.
You feel very sick. The scorpion stings you.
You are lethally poisoned!
The scorpion poisons you!
You shoot a bolt. The bolt hits the scorpion.
The scorpion is heavily wounded.
You feel very sick.
The scorpion stings you but does no damage.
The scorpion stings you.
You are more poisoned.
The scorpion poisons you!
You shoot a bolt.
The bolt hits the scorpion but does no damage.
The scorpion is heavily wounded.
You die...

...# .... ..###.. #..#
#####~.~~~## #).
#.~##~..~...# #..
#.~.......~~# #.##
....~.7~..~~## #s.###
..~~~~.~~..~.###@...###.
..~.~.~..~.~.##......(..
..~~.~..~..~............
...~..~.~#~~####........
##.~....~#..# .........
##....~.#~## ..###..##
##......### ..## ..#
##..##...# .# ##
..#####....# ..


You could see a scorpion.

Vanquished Creatures
  Edmund (D:4)
  A hound (D:3)
  A sleepcap (D:4)
  An iguana (D:4)
  5 adders
  2 worms (D:2)
  2 dart slugs
  6 ball pythons
  10 bats
  10 endoplasms
  7 giant cockroaches
  5 hobgoblins
  6 jackals
  8 kobolds
  3 quokkas (D:2)
  4 frilled lizards
  6 goblins
  7 rats
85 creatures vanquished.

Notes
Turn   | Place    | Note
-------+----------+-------------------------------------------
     0 | D:1      | qw the Minotaur Hexslinger began the quest for the Orb.
     0 | D:1      | Reached XP level 1. HP: 16/16 MP: 1/1
     0 | D:1      | 0 ||| qw: Version: 0.3-a-52-g30416fa
     0 | D:1      | 0 ||| qw: Game counter: 5243
     0 | D:1      | 0 ||| qw: Melee chars always use a shield: true
     0 | D:1      | 0 ||| qw: God list: Okawaru
     0 | D:1      | 0 ||| qw: Allow faded altars: false
     0 | D:1      | 0 ||| qw: Do Orc after clearing Dungeon:15 true
     0 | D:1      | 0 ||| qw: Do second Lair branch before Depths: true
     0 | D:1      | 0 ||| qw: Lair rune preference: random
     0 | D:1      | 0 ||| qw: Goals: Normal
     0 | D:1      | 0 ||| PLANNING D:1-11
   126 | D:1      | Reached skill level 3 in Ranged Weapons
   172 | D:1      | Reached XP level 2. HP: 21/23 MP: 2/2
   550 | D:1      | 550 ||| UPGRADING to +1 pair of boots.
   555 | D:1      | 555 ||| READING scroll labelled COAZ EZUUQEOKH.
   556 | D:1      | 556 ||| READING scroll labelled DURAVI IRAOHAU.
   557 | D:1      | 557 ||| READING scroll labelled TATALU LIORARI.
   558 | D:1      | 558 ||| READING scroll labelled ONEL JIHAUDENN.
   559 | D:1      | 559 ||| DROPPING scroll of poison.
   645 | D:2      | Reached XP level 3. HP: 22/29 MP: 3/3
   805 | D:2      | Reached skill level 4 in Ranged Weapons
  1002 | D:2      | 1002 ||| SWAPPING to +0 arbalest.
  1005 | D:2      | 1005 ||| DROPPING +1 sling.
  1048 | D:2      | Reached XP level 4. HP: 36/36 MP: 4/4
  1209 | D:2      | Found a faded altar of an unknown god.
  1475 | D:2      | 1475 ||| READING scroll labelled DOSSIE UTUQUWK.
  1476 | D:2      | 1476 ||| READING scroll labelled GEEBRO LOTEO.
  1547 | D:3      | Reached skill level 5 in Ranged Weapons
  1622 | D:3      | Reached skill level 3 in Fighting
  1777 | D:3      | Reached XP level 5. HP: 45/45 MP: 5/5
  2095 | D:3      | 2095 ||| READING 2 scrolls labelled UNUSEU HYGHU.
  2096 | D:3      | 2096 ||| READING scroll labelled QIPYNK BICE.
  2097 | D:3      | 2097 ||| DRINKING 3 fizzy red potions.
  2098 | D:3      | 2098 ||| DROPPING scroll of fear.
  2308 | D:4      | Noticed Edmund
  2310 | D:4      | Reached skill level 6 in Ranged Weapons
  2316 | D:4      | Killed Edmund
  2317 | D:4      | Reached XP level 6. HP: 18/53 MP: 6/6
  2483 | D:4      | HP: 9/53 [poisoned by a scorpion]
  2484 | D:4      | Succumbed to a scorpion's poison

Levels and vault maps discovered:
D:1:      wheals_arrival_shading, layout_rooms, minmay_tetromino_o4
D:2:      kb_forest_paths, layout_loops_ring, ebering_ecumenical_altar_ruins
D:3:      layout_loops_ring, hangedman_decor_growths,
          ebering_dispersal_statue_hall
D:4:      layout_layer_cave, nicolae_elemental_shop,
          chequers_serial_rivers_marsh, uniq_edmund

Skill      XL: |  1  2  3  4  5 |
---------------+----------------+-----
Ranged Weapons | 3 4 5 6 |  6.0
Fighting       | 2 3 4 |  4.7
Dodging        | |  2.1
Spellcasting   | |  1.0
Hexes          | |  2.0

Action                     |  1- 3 |  4- 6 || total
---------------------------+-------+-------++-------
   Fire: Sling             |   106 |       ||   106
         Arbalest          |    20 |    88 ||   108
    Use: Scroll            |     4 |     4 ||     8
         Potion            |       |     1 ||     1
 Armour: Robe              |    10 |    10 ||    20
  Dodge: Dodged            |    33 |    18 ||    51

Table legend:
 A = Non-vault XP
 B = Vault XP
 C = Vault XP percentage of total XP
 D = Non-vault monster count
 E = Vault monster count
 F = Vault count percentage of total count
                 A         B        C        D         E       F
            +---------+---------+-------+---------+---------+-------
      Total |     305 |     177 |  36.7 |      76 |       9 |  10.6
            +---------+---------+-------+---------+---------+-------
        D:1 |      33 |       3 |   8.3 |      22 |       2 |   8.3
        D:2 |      80 |      10 |  11.1 |      27 |       6 |  18.2
        D:3 |      85 |       0 |   0.0 |      20 |       0 |   0.0
        D:4 |     107 |     164 |  60.5 |       7 |       1 |  12.5
            +---------+---------+-------+---------+---------+-------
